 Dungeon Crawl Stone Soup version 0.30-a0-1018-g25214051b3 (webtiles) character file.

Game seed: 5621009036612546348

163 DeathPants the Changer (level 5, -13/37 (38) HPs)
             Began as a Demonspawn Transmuter on Apr 7, 2023.
             Mangled by a wight
             ... wielding a +5 dire flail of freezing
              (18 damage)
             ... on level 3 of the Dungeon.
             The game lasted 00:11:02 (2076 turns).

DeathPants the Changer (Demonspawn Transmuter)      Turns: 2076, Time: 00:11:02

HP:   -13/37 (38)   AC:  7    Str: 13    XL:     5   Next: 20%
MP:   8/9           EV: 12    Int: 14    God:
Gold: 128           SH:  4    Dex: 13    Spells: 7/10 levels left

rFire   . . .      SeeInvis .      - Unarmed
rCold   . . .      Faith    .    (no shield)
rNeg    . . .      Spirit   .    a - +0 robe
rPois   .          Reflect  .    l - melded +0 helmet
rElec   .          Rampage  .    q - +0 cloak
rCorr   .                        (no gloves)
Will    .....                    (boots currently unavailable)
Stlth   +                        (no amulet)
HPRegen 0.26/turn                (no ring)
MPRegen 0.11/turn                (no ring)

@: appendages, lightly drained
A: horns 2, talons 2, icemail 1, condensation shield
a: End Transformation


You were on level 3 of the Dungeon.
You had temporarily grown beastly horns and talons.
You visited 1 branch of the dungeon, and saw 4 of its levels.

You collected 128 gold pieces.

Inventory:

Missiles
 d - 4 poisoned darts
Armour
 a - a +0 robe (worn)
 l - a +0 helmet (melded)
 q - a +0 cloak (worn)
Jewellery
 h - a ring of see invisible
Scrolls
 b - 2 scrolls of fear
 e - a scroll of brand weapon {unknown}
 f - a scroll of vulnerability {unknown}
 i - 2 scrolls of amnesia {unknown}
 j - 2 scrolls of enchant armour {unknown}
 k - a scroll of teleportation
 n - a scroll of magic mapping {unknown}
 o - a scroll of blinking {unknown}
Potions
 c - a potion of attraction
 g - a potion of magic
 m - 2 potions of brilliance {unknown}
 p - a potion of haste {unknown}


   Skills:
 + Level 2.0 Fighting
 - Level 1.7 Dodging
 + Level 3.2 Unarmed Combat
 - Level 3.2 Spellcasting
 + Level 3.4 Transmutations


You had 7 spell levels left.
You knew the following spells:

 Your Spells              Type           Power      Damage    Failure   Level
a - Beastly Appendage     Tmut           22%        N/A       4%          1
b - Wereblood             Tmut           11%        N/A       8%          2

Your spell library contained the following spells:

 Spells                   Type           Power      Damage    Failure   Level
 Spider Form              Tmut/Pois      7%         N/A       30%         3
 Call Canine Familiar     Summ           2%         N/A       54%         3
 Portal Projectile        Hex/Tloc       4%         N/A       54%         3
 Ice Form                 Ice/Tmut       7%         N/A       71%         4
 Leda's Liquefaction      Hex/Erth       1%         N/A       91%         4


Dungeon Overview and Level Annotations

Branches:
Dungeon (4/15)
 Temple: D:4-7

Altars:


Innate Abilities, Weirdness & Mutations

You have temporarily grown beastly horns and talons.
A meltable icy envelope protects you from harm. (AC +4)
A meltable shield of frost defends you. (SH +4)


Message History

i - 2 scrolls labelled NOIHACEASO (gained 1)
You open the door.
Found a stone staircase leading down.
There is an open door here.
There is a stone staircase leading down here.
You climb downwards.
Found a smoky red potion and a scroll labelled QAESIZ ASED.
There is a stone staircase leading up here.
The wight hits you with a +5 dire flail of freezing!
You feel drained. The wight freezes you.
You climb upwards.
There is a stone staircase leading down here.
Casting: Beastly Appendage (safe; 4% risk of failure)
Press: ? - help, Q - select action, (/) - cycle Dir - look around, f - activate You grow a pair of large bovine horns.
Your feet morph into talons.
Your +0 helmet melds into your body.
The wight barely misses you.
You hit the wight.
The wight is lightly damaged.
You block the wight's attack.
You closely miss the wight. You headbutt the wight.
The wight is moderately damaged.
The wight misses you.
You hit the wight but do no damage. Your kick misses the wight.
The wight is moderately damaged.
The wight barely misses you.
You closely miss the wight.
You headbutt the wight, but do no damage.
The wight is moderately damaged.
The wight hits you with a +5 dire flail of freezing.
* * * LOW HITPOINT WARNING * * *
The wight freezes you.
* * * LOW HITPOINT WARNING * * *
You hit the wight. You headbutt the wight.
The wight is severely damaged.
You block the wight's attack.
You closely miss the wight. Your kick misses the wight.
The wight is severely damaged.
The wight hits you with a +5 dire flail of freezing!!
You die...

########.####.....#
#.....##.##....#..#
#.....##....#.##...
#........####.##.## #
##'#####.# #...... #.####.#
#.# ####.## #....#.# #.# ##.##
#####.z.# #.# #.... .......@#
#.# #.... ############### #.#
#.### .......<...# #.# #.#
######...#.########....###.###
#........................
#..#...##########.###.###
#.†#...# ###........ #..#.....
........... #..#..####
#####..<[..


You could see a wight.

Vanquished Creatures
  Crazy Yiuf (D:2)
  An orc wizard (D:3)
  4 adders (D:2)
  A worm (D:2)
  3 dart slugs (D:1)
  4 orcs (D:3)
  6 bats
  7 endoplasms
  5 giant cockroaches
  4 goblins
  7 hobgoblins
  3 quokkas
  A ball python (D:1)
  3 frilled lizards
  4 kobolds
  4 rats (D:2)
58 creatures vanquished.

Vanquished Creatures (others)
  2 fungi (D:2)
2 creatures vanquished.

Grand Total: 60 creatures vanquished

Notes
Turn   | Place    | Note
-------+----------+-------------------------------------------
     0 | D:1      | DeathPants the Demonspawn Transmuter began the quest for
                  | the Orb.
     0 | D:1      | Reached XP level 1. HP: 15/15 MP: 3/3
   290 | D:2      | Gained mutation: A meltable shield of frost defends you.
                  | (SH +4) [demonic ancestry]
   290 | D:2      | Reached XP level 2. HP: 17/21 MP: 3/5
   308 | D:1      | You fall into a shaft and drop 1 floor!
   542 | D:1      | Reached XP level 3. HP: 26/26 MP: 5/7
  1215 | D:2      | Gained mutation: A meltable icy envelope protects you from
                  | harm. (AC +4) [demonic ancestry]
  1215 | D:2      | Reached XP level 4. HP: 32/32 MP: 6/8
  1243 | D:2      | Learned a level 2 spell: Wereblood
  1448 | D:2      | Found a faded altar of an unknown god.
  1599 | D:2      | Found a runed translucent door.
  1600 | D:2      | Noticed Crazy Yiuf
  1612 | D:2      | Killed Crazy Yiuf
  1805 | D:3      | Reached XP level 5. HP: 29/38 MP: 9/9
  2076 | D:3      | Mangled by a wight

Illustrated notes

Levels and vault maps discovered:
D:1:      dpeg_arrival_arbitrary_c, layout_loops_ring
D:2:      layout_rooms, chequers_ecumenical_altar_grove, minmay_tromino_v4_b,
          uniq_crazy_yiuf_cottage
D:3:      layout_basic, uniq_robin
D:4:      layout_cave_pools, serial_shops, nicolae_diamond_shop

Skill      XL: |  1  2  3  4  5 |
---------------+----------------+-----
Transmutations | 2 3 |  3.4
Spellcasting   | 3 |  3.2
Unarmed Combat | 3 |  3.2
Fighting       | 2 |  2.0
Dodging        | |  1.7

Action                     |  1- 3 |  4- 6 || total
---------------------------+-------+-------++-------
  Melee: Unarmed           |   125 |    88 ||   213
         Headbutt          |    19 |    12 ||    31
         Kick              |    21 |     9 ||    30
         Punch             |     2 |     1 ||     3
   Cast: Beastly Appendage |    25 |     8 ||    33
    Use: Scroll            |       |     4 ||     4
         Potion            |       |     1 ||     1
 Armour: Robe              |    18 |    22 ||    40
         Skin              |       |     5 ||     5
  Dodge: Dodged            |    77 |    32 ||   109
  Block: Other             |    18 |     9 ||    27

Table legend: (Time is in decaauts)
 A = Elapsed time spent in this place.
 B = Non-inter-level travel time spent in this place.
 C = Inter-level travel time spent in this place.
 D = Time resting spent in this place.
 E = Time spent auto-exploring this place.
 F = Levels seen in this place.
 G = Mean time per level.
                   A        B        C        D        E       F      G
               +--------+--------+--------+--------+--------+-----+--------+
         Total |   2068 |   2039 |     29 |    146 |   1189 |   4 |  517.0 |
       Dungeon |   2068 |   2039 |     29 |    146 |   1189 |   4 |  517.0 |
               +--------+--------+--------+--------+--------+-----+--------+

Top non-repeatable levels by time:
     D:1: 860 daAuts
     D:2: 845 daAuts
     D:3: 358 daAuts
     D:4: 3 daAuts
